 Dungeon Crawl Stone Soup version 0.29-a0-275-g389c0b56f3 (webtiles) character file.

Game seed: 4726814333087072699

2 Hubjo the Chiller (level 1, -2/13 HPs)
             Began as a Demonspawn Wanderer on Mar 9, 2022.
             Slain by an orc
             ... wielding a +0 short sword
              (4 damage)
             ... on level 2 of the Dungeon.
             The game lasted 00:00:16 (91 turns).

Hubjo the Chiller (Demonspawn Wanderer)               Turns: 91, Time: 00:00:17

Health: -2/13      AC:  2    Str: 10    XL:     1   Next: 25%
Magic:  3/3        EV: 11    Int: 13    God:
Gold:   16         SH:  0    Dex: 14    Spells: 4/4 levels left

rFire   . . .      SeeInvis .   a - +0 dagger
rCold   . . .      Faith    .   (no shield)
rNeg    . . .      Spirit   .   c - +0 robe
rPois   .          Reflect  .   (no helmet)
rElec   .          Harm     .   (no cloak)
rCorr   .          Rampage  .   (no gloves)
Will    .....                   (no boots)
Stlth   +.........              (no amulet)
HPRegen 0.04/turn               (no ring)
MPRegen 0.08/turn               (no ring)

@: no status effects
A: no striking features
a: no special abilities


You were on level 2 of the Dungeon.
You visited 1 branch of the dungeon, and saw 2 of its levels.

You collected 16 gold pieces.

Inventory:

Hand Weapons
 a - a +0 dagger (weapon)
Armour
 c - a +0 robe (worn)
Scrolls
 b - a scroll of summoning
Potions
 e - a potion of curing {unknown}
Miscellaneous
 d - a piece from Xom's chessboard (15/15) (quivered)


   Skills:
 * Level 0.1 Fighting
 + Level 0.1 Dodging
 + Level 2.0 Spellcasting
 + Level 3.6 Ice Magic
 + Level 1.7 Air Magic
 + Level 2.0 Evocations


You had 4 spell levels left.
You didn't know any spells.
Your spell library contained the following spells:

 Spells                   Type           Power      Damage    Failure   Level
 Freeze                   Ice            40%        1d6       6%          1
 Ozocubu's Armour         Ice            10%        N/A       17%         3
 Shock                    Conj/Air       12%        1d3       19%         1
 Static Discharge         Conj/Air       3%         N/A       26%         2
 Summon Lightning Spire   Summ/Air       3%         N/A       87%         4


Dungeon Overview and Level Annotations

Branches:
Dungeon (1/15)

Altars:


Message History

Found a ring mail.
You hit the rat but do no damage. The rat bites you.
You barely miss the rat. The rat bites you but does no damage.
You hit the rat.
You kill the rat!
No target in view!
No target in view!
No target in view!
No target in view!
No target in view!
No target in view!
No target in view!
No target in view!
No target in view!
HP restored.
You see here a rat corpse.
Found a stone staircase leading down.
There is a stone staircase leading down here.
You now have 16 gold pieces.
Found a dagger.
An orc comes into view.
It is wielding a +0 trident. 2 orcs come into view.
The orc shouts!
You hear a shout!
An orc comes into view. It is wielding a +0 flail.
The orc moves out of view.
The orc shouts!
The orc closely misses you. The orc hits you with a +0 short sword.
The orc barely misses you.
You hit the orc but do no damage.
The orc hits you from afar with a +0 trident!
Ouch! That really hurt!
The orc hits you but does no damage.
You are too injured to fight recklessly!
You are too injured to fight recklessly!
You are too injured to fight recklessly!
You are too injured to fight recklessly!
The orc attacks as you move away! The orc hits you with a +0 club.
* * * LOW HITPOINT WARNING * * *
The orc hits you with a +0 short sword.
You die...

#.# #.# #+ #.# #.
###.# #.# ### #...#
##.o ..# #.###
##..o## #)# #.#
.##...o.### #.# #.#
......o@..# #.# #.#
.####.###.###.###.#
#. #.........# #
#####.#####
........# #########


You could see 4 orcs.

Vanquished Creatures
  A ball python (D:1)
  A rat (D:2)
2 creatures vanquished.

Notes
Turn   | Place    | Note
-------+----------+-------------------------------------------
     0 | D:1      | Hubjo the Demonspawn Wanderer began the quest for the Orb.
     0 | D:1      | Hubjo set off with the following items: a +0 dagger, a
                  | scroll of summoning, a +0 robe, a piece from Xom's
                  | chessboard (15/15); and the following spells available to
                  | memorise: Freeze, Ozocubu's Armour, Shock, Static
                  | Discharge, Summon Lightning Spire
     0 | D:1      | Reached XP level 1. HP: 13/13 MP: 3/3
    34 | D:1      | You fall into a shaft and drop 1 floor!
    91 | D:2      | Slain by an orc

Illustrated notes

Levels and vault maps discovered:
D:1:      heliophobic_arrival_battle_scene, layout_rooms,
          basic_ecumenical_altar, serial_bayou_pond_a
D:2:      layout_loops_corners, basic_altar, uniq_jessica, uniq_sigmund

Action                   || total
-------------------------++-------
Melee: Dagger            ||     7
Armor: Robe              ||     2
Dodge: Dodged            ||     4

Table legend: (Time is in decaauts)
 A = Elapsed time spent in this place.
 B = Non-inter-level travel time spent in this place.
 C = Inter-level travel time spent in this place.
 D = Time resting spent in this place.
 E = Time spent auto-exploring this place.
 F = Levels seen in this place.
 G = Mean time per level.
                   A        B        C        D        E       F      G
               +--------+--------+--------+--------+--------+-----+--------+
         Total |     90 |     90 |      0 |      0 |     68 |   2 |   45.0 |
       Dungeon |     90 |     90 |      0 |      0 |     68 |   2 |   45.0 |
               +--------+--------+--------+--------+--------+-----+--------+

Top non-repeatable levels by time:
     D:2: 56 daAuts
     D:1: 34 daAuts
